 Dungeon Crawl Stone Soup version 0.21.1-1-g345015fe64 (webtiles) character file.

289 DildoBatman the Skirmisher (level 6, 0/49 HPs)
             Began as a Formicid Enchanter on Apr 7, 2018.
             Succumbed to a worker ant's poison
             ... on level 4 of the Dungeon.
             The game lasted 00:10:09 (4508 turns).

DildoBatman the Skirmisher (Formicid Enchanter)     Turns: 4508, Time: 00:10:09

Health: 0/49       AC:  5    Str: 14    XL:     6   Next: 58%
Magic:  8/9        EV: 11    Int: 15    God:
Gold:   230        SH:  0    Dex: 11    Spells: 8/9 levels left

rFire    . . .     SeeInvis +   a - +0 rapier
rCold    . . .     Gourm    .   (no shield)
rNeg     . . .     Faith    .   h - +0 ring mail
rPois    .         Spirit   .   (helmet unavailable)
rElec    .         Reflect  .   (no cloak)
rCorr    .         Harm     .   (no gloves)
MR       .....                  (no boots)
Stlth    ++........             (no amulet)
HPRegen  0.16/turn              (no ring)
MPRegen  0.11/turn              (no ring)

@: lethally poisoned (0 -> -6), very slightly contaminated
A: permanent stasis, dig shafts and tunnels, four strong arms, antennae 3
a: Dig, Shaft Self


You were on level 4 of the Dungeon.
You were not hungry.

You visited 2 branches of the dungeon, and saw 5 of its levels.

You collected 230 gold pieces.

Inventory:

Hand Weapons
 a - a +0 rapier (weapon)
 b - a +1 dagger
 l - a cursed -2 dagger
Missiles
 g - 81 stones (quivered)
 n - 4 curare-tipped needles
 q - 23 bolts
 u - 22 arrows
 x - 6 tomahawks
 z - 16 sling bullets
Armour
 h - a +0 ring mail (worn)
 t - a +0 robe
Wands
 r - a wand of acid (3)
Scrolls
 e - 3 scrolls of enchant weapon {unknown}
 f - 3 scrolls of identify {unknown}
 i - a scroll of blinking {unknown}
 m - a scroll of fog {unknown}
 o - a scroll of enchant armour {unknown}
 p - 2 scrolls of teleportation {unknown}
 s - a scroll of fear {unknown}
 w - a scroll of noise {unknown}
 y - 2 scrolls of random uselessness {unknown}
Potions
 d - a potion of resistance {unknown}
 j - a potion of ambrosia {unknown}
 k - a potion of berserk rage {unknown}
Books
 c - a book of Maledictions

   Spells                             Type                      Level
   a - Corona                         Hexes                        1
   b - Ensorcelled Hibernation        Hexes/Ice                    2
   c - Confuse                        Hexes                        3
   d - Tukima's Dance                 Hexes                        3
   e - Dazzling Spray                 Conjuration/Hexes            3
Comestibles
 v - 7 rations
 A - a chunk of flesh


   Skills:
 * Level 4.7 Fighting
 - Level 1.0 Short Blades
 * Level 3.9 Armour
 - Level 2.0 Dodging
 - Level 4.1 Stealth
 - Level 2.1 Spellcasting
 - Level 3.6 Hexes


You had 8 spell levels left.
You knew the following spells:

 Your Spells              Type           Power        Failure   Level  Hunger
a - Corona                Hex            ##.....      10%         1    #......


Dungeon Overview and Level Annotations

Branches:
Dungeon (4/15)             Temple (1/1) D:4

Altars:
Ashenzari
Cheibriados
Dithmenos
Elyvilon
Fedhas
Gozag
Kikubaaqudgha
Makhleb
Okawaru
Ru
Trog
Vehumet
Wu Jian
Yredelemnul
The Shining One

Shops:
D:4 %

Annotations:
D:2 exclusion: crimson imp
D:3 1 exclusion, Carigen's ghost, amateur HaHu
D:4 1 exclusion, error's ghost, weakling OpVM


Innate Abilities, Weirdness & Mutations

You cannot be hasted, slowed, berserked, paralysed or teleported.
You can dig through walls and to a lower floor.
Your four strong arms can wield two-handed weapons with a shield.
You have a pair of large antennae on your head. (SInv)


Message History

The worker ant bites you!
You hear an angry hiss.
Casting: Corona
Confirm with . or Enter, or press ? or * to list all spells.
Aiming: Corona
Press: ? - help, Shift-Dir - straight line, f/p - worker ant
Aim: a worker ant (severely wounded, chance to defeat MR: 57%)
The worker ant is outlined in light.
You feel sick. The worker ant closely misses you.
The worker ant bites you but does no damage.
You hit the worker ant.
You kill the worker ant!
You feel sick.
The orc throws a tomahawk.
The tomahawk hits you but does no damage.
A giant cockroach comes into view.
You hit the orc.
You kill the orc!
You die...

...#......##...##)..).......
#..........##.####........>.
#.#........##'#≈#...........
#....{...o.#≈...'...........
###....o.?..##'#≈########...#
.......%.?..##.###...........
####.....o{##...#######.#####
###........#⌠...⌠# #..#####
..........{#@...## ###.###...
###.......s[##_## ##...# #...
#........o.######..### #...
#.................#### #...
######..####.........# #...
#..## ####..##..###... #.##
##..###...##### ... ###..##
###..#### ##...####...#####
#......


You could see an orc and a giant cockroach.

Vanquished Creatures
  2 hounds (D:4)
  2 worker ants (D:4)
  9 adders
  A worm (D:2)
  3 dart slugs
  4 leopard geckos
  9 orcs (D:4)
  4 giant cockroaches
  7 goblins
  7 hobgoblins
  2 jackals (D:2)
  A quokka (D:3)
  2 ball pythons
  7 bats
  4 frilled lizards
  8 kobolds
  A quokka skeleton (D:4)
  9 rats
82 creatures vanquished.

Notes
Turn   | Place    | Note
-------+----------+-------------------------------------------
     0 | D:1      | DildoBatman the Formicid Enchanter began the quest for the Orb.
     0 | D:1      | Reached XP level 1. HP: 13/13 MP: 3/3
    48 | D:1      | Reached skill level 1 in Fighting
    86 | D:1      | Reached XP level 2. HP: 21/21 MP: 3/5
   712 | D:1      | Reached XP level 3. HP: 15/28 MP: 6/6
  1891 | D:2      | Reached XP level 4. HP: 35/35 MP: 5/7
  1892 | D:2      | Found a glowing golden altar of the Shining One.
  1903 | D:2      | Reached skill level 1 in Armour
  2653 | D:3      | Reached XP level 5. HP: 38/41 MP: 6/8
  2850 | D:3      | Noticed Carigen's ghost (amateur HaHu)
  3085 | D:3      | Found a faded altar of an unknown god.
  3486 | D:3      | Found a snail-covered altar of Cheibriados.
  3544 | D:4      | Found a staircase to the Ecumenical Temple.
  3553 | Temple   | Entered the Ecumenical Temple
  3877 | D:4      | Reached XP level 6. HP: 29/48 MP: 9/9
  4145 | D:4      | Found Pucha's Food Shop.
  4256 | D:4      | Noticed a phantom
  4257 | D:4      | Noticed error's ghost (weakling OpVM)
  4427 | D:4      | Found an opulent altar of Gozag.
  4430 | D:4      | Found a radiant altar of Vehumet.
  4505 | D:4      | HP: 2/49 [worker ant (7)]
  4508 | D:4      | Succumbed to a worker ant's poison

Skill      XL: |  1  2  3  4  5 |
---------------+----------------+-----
Fighting       | 1 2 3 4 |  4.7
Dodging        | 2 |  2.0
Armour         | 2 3 |  3.9
Stealth        | 4 |  4.1
Short Blades   | |  1.0
Spellcasting   | |  2.1
Hexes          | |  3.6

Action                   |  1- 3 |  4- 6 || total
-------------------------+-------+-------++-------
Melee: Dagger            |   146 |   122 ||   268
       Rapier            |       |   137 ||   137
 Cast: Corona            |    29 |    41 ||    70
 Abil: Dig               |     2 |     6 ||     8
 Stab: Sleeping          |       |     2 ||     2
  Eat: Chunk             |     4 |    10 ||    14
Armor: Robe              |     7 |       ||     7
       Ring mail         |    39 |   113 ||   152
Dodge: Dodged            |    93 |   186 ||   279
